 Dungeon Crawl Stone Soup version 0.19-a0-31-g0d989fc (webtiles) character file.

263 aurelian the Ruffian (level 6, -1/51 HPs)
             Began as a Ghoul Monk on May 2, 2016.
             Slain by an ogre
             ... wielding a +0 giant club
              (22 damage)
             ... on level 4 of the Dungeon.
             The game lasted 00:07:29 (2715 turns).

aurelian the Ruffian (Ghoul Monk)                   Turns: 2715, Time: 00:07:29

Health: -1/51      AC:  7    Str: 14 (15) XL:     6   Next: 19%
Magic:  5/5        EV: 11    Int:  5      God:
Gold:   156        SH:  0    Dex: 14 (15) Spells: 0 memorised, 5 levels left

rFire  . . .     SeeInvis .       - Unarmed
rCold  + + .     Gourm    .     e - +0 ring mail
rNeg   + + +     Faith    .     (no shield)
rPois  ∞         Spirit   .     (no helmet)
rElec  .         Dismiss  +     o - +0 cloak (curse)
rCorr  .         Reflect  .     q - +0 pair of gloves
SustAt .         Harm     .     (no boots)
MR     .....                    y - amulet of dismissal
Stlth  +.........               l - ring of protection from cold
                                w - +2 ring of dexterity

@: rotting, not resistant to hostile enchantments, very unstealthy
A: rotting body, claws 1, carnivore 3, cold resistance 1, negative energy
resistance 3, slow regeneration 1, torment resistance, unbreathing
a: no special abilities


You were on level 4 of the Dungeon.
You were not hungry.

You visited 1 branch of the dungeon, and saw 4 of its levels.

You collected 199 gold pieces.
You spent 43 gold pieces at shops.

Inventory:

Hand Weapons
 a - a +1 hunting sling of flaming
Missiles
 c - 106 stones (quivered)
Armour
 e - a +0 ring mail (worn)
 o - a cursed +0 cloak (worn)
 q - a +0 pair of gloves (worn)
 r - a +0 robe
Jewellery
 l - a ring of protection from cold (right hand)
 w - a +2 ring of dexterity (left hand)
 y - an amulet of dismissal (around neck)
Scrolls
 g - a scroll of fog {unknown}
 h - a scroll of magic mapping {unknown}
 i - 2 scrolls of identify
 j - a scroll of noise {unknown}
 p - a scroll of blinking
 u - a scroll of recharging {unknown}
 x - a scroll of amnesia {unknown}
 z - a scroll of teleportation
Potions
 d - a potion of curing
 f - a potion of heal wounds
 k - a potion of cancellation {unknown}
 s - a potion of invisibility
Comestibles
 b - 6 meat rations
 m - 3 beef jerkies
 B - a slice of pizza


   Skills:
 - Level 3.3 Fighting
 - Level 2.7 Dodging
 - Level 2.1 Stealth
 + Level 7.9 Unarmed Combat


You had 5 spell levels left.
You didn't know any spells.

Dungeon Overview and Level Annotations

Branches:
Dungeon (4/15)
 Temple: D:4-7

Altars:
Nemelex Xobeh

Shops:
D:4 (


Innate Abilities, Weirdness & Mutations

Your body is rotting away.
You thrive on raw meat.
You are immune to poison.
You have sharp fingernails.
You are carnivorous and can eat meat at any time.
Your flesh is cold resistant.
You are immune to negative energy.
You regenerate slowly when monsters are visible.
You are immune to unholy pain and torment.
You can survive without breathing.


Message History

The ogre is moderately wounded.
Firing (i - inventory):
c - 108 stones (quivered)
Press: ? - help, Shift-Dir - straight line, f/p - ogre
Aim: an ogre, wielding a giant club (moderately wounded)
You shoot a stone. The stone barely misses the ogre.
Firing (i - inventory):
c - 107 stones (quivered)
Press: ? - help, Shift-Dir - straight line, f/p - ogre
Aim: an ogre, wielding a giant club (moderately wounded)
You shoot a stone. The stone barely misses the ogre.
Your +1 hunting sling of flaming stops flaming.
You are now empty-handed.
The ogre hits you with a giant club.
You hit the ogre.
The ogre is heavily wounded.
You hit the ogre.
The ogre is heavily wounded.
The ogre hits you with a giant club!!
You hit the ogre.
The ogre is severely wounded.
The ogre hits you with a giant club!!
You die...

#.#... .. #.#.#. # #. ..
..... #. #.
#..........#..#
###.##.###..........#...
.........#..........#...
.........#.........#...#
.........#.............#
(..(..O@.#...........#..
.........#...........#.#
###.####............##..
#.#####.#####.........
#....##.#####....#..>.
#....<..........##....
####..#..####.........
#......# #..##.....
#......####..###....


You could see an ogre.

Vanquished Creatures
  A scorpion (D:4)
  2 orc wizards (D:2)
  A worker ant (D:3)
  Robin (D:2)
  4 adders
  An ooze (D:4)
  A worm (D:3)
  2 dart slugs
  2 giant geckos
  7 orcs (D:3)
  3 bats
  2 giant cockroaches
  11 goblins
  9 hobgoblins
  6 kobolds
  2 quokkas (D:3)
  A ball python (D:3)
  4 giant newts
  A jackal skeleton (D:3)
  10 rats
71 creatures vanquished.

Notes
Turn   | Place    | Note
--------------------------------------------------------------
     0 | D:1      | aurelian the Ghoul Monk began the quest for the Orb.
     0 | D:1      | Reached XP level 1. HP: 19/19 MP: 0/0
   211 | D:1      | Reached XP level 2. HP: 26/26 MP: 1/1
   647 | D:1      | Reached skill level 5 in Unarmed Combat
   938 | D:2      | Noticed Robin
   942 | D:2      | Reached XP level 3. HP: 25/31 MP: 2/2
  1090 | D:2      | Killed Robin
  1273 | D:2      | Reached XP level 4. HP: 34/38 MP: 3/3
  1315 | D:2      | Reached skill level 6 in Unarmed Combat
  1744 | D:2      | Reached XP level 5. HP: 13/45 MP: 4/4
  1832 | D:3      | Found a sparkling altar of Nemelex Xobeh.
  1860 | D:3      | Reached skill level 7 in Unarmed Combat
  2456 | D:4      | Noticed an ogre
  2608 | D:4      | Found Vuen's Antique Weapon Shoppe.
  2621 | D:4      | Bought a runed hunting sling for 43 gold pieces
  2654 | D:4      | Reached XP level 6. HP: 51/51 MP: 5/5
  2715 | D:4      | Slain by an ogre

Vault maps used:
D:1:      minmay_arrival_shattered_statue, minmay_misc_feat_nine_boxes,
          kennysheep_another_room
D:2:      uniq_robin
D:3:      nemelex_xobeh_ov_fountains_minmay
D:4:      temple_doors_a, serial_shops, shop, minmay_crossroads, uniq_grinder,
          uniq_pikel

Skill      XL: |  1  2  3  4  5 |
---------------+----------------+-----
Unarmed Combat | 5 6 7 |  7.9
Fighting       | |  3.3
Dodging        | |  2.7
Stealth        | |  2.1

Action                   |  1- 3 |  4- 6 || total
-------------------------+-------+-------++-------
Melee: Unarmed           |    85 |    74 ||   159
       Punch             |       |     1 ||     1
 Fire: Hunting sling     |       |    95 ||    95
  Use: Potion            |       |     2 ||     2
       Scroll            |       |     8 ||     8
 Stab: Sleeping          |     2 |       ||     2
  Eat: Chunk             |    15 |    12 ||    27
Armor: Ring mail         |    29 |    40 ||    69
Dodge: Dodged            |    34 |    48 ||    82
